 Dungeon Crawl Stone Soup version 0.28-a0-535-g6f645e4c1d (webtiles) character file.

Game seed: 15179124430817873205

16 elite277 the Magician (level 2, -1/19 HPs)
             Began as a Human Hedge Wizard on Sept 26, 2021.
             Frozen to death by an endoplasm (4 damage)
             ... on level 2 of the Dungeon on June 27, 2022.
             The game lasted 00:07:57 (1312 turns).

elite277 the Magician (Human Hedge Wizard)          Turns: 1312, Time: 00:07:57

Health: -1/19      AC:  2    Str: 10    XL:     2   Next: 70%
Magic:  6/6        EV: 12    Int: 14    God:
Gold:   75         SH:  0    Dex: 12    Spells: 6/7 levels left

rFire   . . .      SeeInvis .   a - +0 dagger
rCold   . . .      Faith    .   (no shield)
rNeg    . . .      Spirit   .   b - +0 robe
rPois   .          Reflect  .   c - +0 hat
rElec   .          Harm     .   (no cloak)
rCorr   .          Rampage  .   (no gloves)
Will    .....                   (no boots)
Stlth   ++........              (no amulet)
HPRegen 0.06/turn               (no ring)
MPRegen 0.10/turn               (no ring)

@: no status effects
A: no striking features
a: no special abilities


You were on level 2 of the Dungeon.
You visited 1 branch of the dungeon, and saw 2 of its levels.

You collected 75 gold pieces.

Inventory:

Hand Weapons
 a - a +0 dagger (weapon)
 e - a +0 dagger
Missiles
 h - 31 arrows
Armour
 b - a +0 robe (worn)
 c - a +0 hat (worn)
 d - a +0 scale mail
Potions
 f - a potion of resistance
 g - a potion of flight {unknown}


   Skills:
 + Level 0.2 Fighting
 + Level 0.6 Short Blades
 + Level 2.1 Dodging
 + Level 2.1 Stealth
 + Level 3.3 Spellcasting
 + Level 1.1 Conjurations
 + Level 1.0 Summonings
 + Level 1.0 Translocations


You had 6 spell levels left.
You knew the following spells:

 Your Spells              Type           Power      Damage    Failure   Level
a - Magic Dart            Conj           20%        1d4       13%         1

Your spell library contained the following spells:

 Spells                   Type           Power      Damage    Failure   Level
 Blink                    Tloc           N/A        N/A       21%         2
 Call Imp                 Summ           5%         N/A       21%         2
 Slow                     Hex            2%         N/A       30%         2
 Conjure Flame            Conj/Fire      3%         6-21      45%         3
 Mephitic Cloud           Conj/Pois/Air  3%         N/A       47%         3


Dungeon Overview and Level Annotations

Branches:
Dungeon (2/15)

Altars:
Ru


Message History

* * * LOW HITPOINT WARNING * * *
You hit the rat but do no damage.
The rat is moderately wounded.
The rat twitches its whiskers.
The rat closely misses you.
Aiming: Magic Dart (safe; 13% risk of failure)
Press: ? - help, Q - select action Shift-Dir - straight line, f - rat
Aim: a rat (moderately wounded, 100% to hit)
The magic dart hits the rat.
You kill the rat!
You start resting.
Magic restored.
Welcome back, elite277 the Human Hedge Wizard.
Press ? for a list of commands and other information.
Save game and exit? [Y]es or [N]o only, please.
Save game and exit? [Y]es or [N]o only, please.
Save game and exit?
Okay, then.
There is an escape hatch in the floor here.
An endoplasm is nearby!
An endoplasm is nearby!
An endoplasm is nearby!
An endoplasm is nearby!
An endoplasm is nearby!
An endoplasm is nearby!
An endoplasm is nearby!
An endoplasm is nearby!
An endoplasm is nearby!
An endoplasm is nearby!
The endoplasm quivers.
The endoplasm hits you but does no damage.
The endoplasm freezes you.
You are frozen.
* * * LOW HITPOINT WARNING * * *
The endoplasm barely misses you. The endoplasm freezes you.
You are frozen.
You die...

#...#######
..........####
..>)..†.....<##
..........#...#
..............#
..............#
..............#
..........>...#####
......(.@J........#
..$........#..###.#
...........#....#.#
#######.........#.#
#.##.##.....#
#.##....#.###
#.#####.### #.# #.#
#.


You could see an endoplasm.

Vanquished Creatures
  A bat (D:1)
  3 endoplasms
  A giant cockroach (D:1)
  3 goblins
  A hobgoblin (D:1)
  A ball python (D:1)
  A kobold (D:1)
  3 rats
14 creatures vanquished.

Notes
Turn   | Place    | Note
-------+----------+-------------------------------------------
     0 | D:1      | elite277 the Human Hedge Wizard began the quest for the
                  | Orb.
     0 | D:1      | Reached XP level 1. HP: 13/13 MP: 4/4
   305 | D:1      | Reached XP level 2. HP: 9/19 MP: 6/6
   961 | D:1      | Found a sacrificial altar of Ru.
  1312 | D:2      | Frozen to death by an endoplasm

Illustrated notes

Levels and vault maps discovered:
D:1:      dpeg_arrival_water_altar, layout_loops_ring, minivault_14,
          minmay_tree_intersection
D:2:      layout_basic, basic_ecumenical_altar

Action                   || total
-------------------------++-------
Melee: Dagger            ||    36
 Cast: Magic Dart        ||    16
  Use: Scroll            ||     2
 Stab: Sleeping          ||     2
Armor: Robe              ||     5
Dodge: Dodged            ||    14

Table legend: (Time is in decaauts)
 A = Elapsed time spent in this place.
 B = Non-inter-level travel time spent in this place.
 C = Inter-level travel time spent in this place.
 D = Time resting spent in this place.
 E = Time spent auto-exploring this place.
 F = Levels seen in this place.
 G = Mean time per level.
                   A        B        C        D        E       F      G
               +--------+--------+--------+--------+--------+-----+--------+
         Total |   1317 |   1118 |    199 |    200 |    545 |   2 |  658.5 |
       Dungeon |   1317 |   1118 |    199 |    200 |    545 |   2 |  658.5 |
               +--------+--------+--------+--------+--------+-----+--------+

Top non-repeatable levels by time:
     D:1: 1200 daAuts
     D:2: 117 daAuts
